 Dungeon Crawl Stone Soup version 0.30-a0-802-gb92711bcdf (webtiles) character file.

Game seed: 14486020239989624242

183 IdlyInterested the Ducker (level 5, 0/36 HPs)
             Began as an Octopode Fighter on Feb 24, 2023.
             Slain by a kobold brigand
             ... wielding a +0 whip
              (6 damage)
             ... on level 3 of the Dungeon.
             The game lasted 00:05:46 (2142 turns).

IdlyInterested the Ducker (Octopode Fighter)        Turns: 2142, Time: 00:05:47

Health: 0/36       AC:  1    Str: 16    XL:     5   Next: 62%
Magic:  5/5        EV: 14    Int: 13    God:
Gold:   38         SH:  4    Dex: 13    Spells: 4/4 levels left

rFire   . . .      SeeInvis .      - Unarmed
rCold   . . .      Faith    .    a - +0 buckler
rNeg    + . .      Spirit   .    c - +0 hat of Udiedd {rN+ Int+3}
rPois   .          Reflect  .    (no amulet)
rElec   .          Harm     .    e - ring of flight
rCorr   .          Rampage  .    (no ring)
Will    .....                    (no ring)
Stlth   +++                      (no ring)
HPRegen 0.26/turn                (no ring)
MPRegen 0.09/turn                (no ring)
                                 (no ring)
                                 (no ring)

@: flying
A: almost no armour, amphibious, 8 rings, camouflage 1, gelatinous body 1,
(nimble swimmer 1), tentacles
a: no special abilities


You were on level 3 of the Dungeon.
You visited 1 branch of the dungeon, and saw 3 of its levels.

You collected 38 gold pieces.

Inventory:

Hand Weapons
 i - a +0 dagger
 r - a +0 short sword
Missiles
 f - 7 poisoned darts
 j - 30 stones (quivered)
Armour
 a - a +0 buckler (worn)
 c - the +0 hat of Udiedd (worn) {rN+ Int+3}
   (You acquired it on level 2 of the Dungeon)

   Int:       It affects your intelligence (+3).
   rN:        It protects you from negative energy.
Jewellery
 e - a ring of flight (left tentacle)
Wands
 p - a wand of roots (12)
Scrolls
 h - a scroll of magic mapping {unknown}
 n - a scroll of identify {unknown}
 o - a scroll of acquirement
 q - 2 scrolls of teleportation {unknown}
Potions
 b - 2 potions of might
 d - a potion of flight {unknown}
 g - a potion of attraction {unknown}
 k - a potion of haste {unknown}
 l - 2 potions of curing {unknown}
 m - a potion of lignification {unknown}


   Skills:
 - Level 3.0 Fighting
 - Level 1.0 Long Blades
 - Level 1.0 Throwing
 * Level 5.3 Dodging
 - Level 1.0 Stealth
 - Level 3.0 Shields
 + Level 2.5 Unarmed Combat
 - Level 1.0 Evocations


You had 4 spell levels left.
You didn't know any spells.
Your spell library contained the following spells:

 Spells                   Type           Power      Damage    Failure   Level
 Blink                    Tloc           0%         N/A       52%         2
 Lesser Beckoning         Tloc           0%         N/A       52%         2
 Momentum Strike          Conj/Tloc      0%         3d8       52%         2
 Scorch                   Fire           0%         2d5       52%         2
 Flame Wave               Conj/Fire      0%         2d4       99%         4
 Summon Cactus Giant      Summ           0%         N/A       100%        6


Dungeon Overview and Level Annotations

Branches:
Dungeon (3/15)

Altars:


Innate Abilities, Weirdness & Mutations

You cannot wear most types of armour.
You are amphibious.
You can wear up to eight rings at the same time.
Your skin changes colour to match your surroundings (Stealth+).
Your rubbery body absorbs attacks. (AC +1, EV +1)
((You are camouflaged when in or above water. (Stealth+)))
You have tentacles for arms and can constrict up to eight enemies at once.


Message History

a +0 short sword; a kobold corpse
r - a +0 short sword
Things that are here:
a +0 club; a kobold corpse You start waiting.
Done waiting.
There is an open door here.
You reach down and open the door.
A kobold brigand and a kobold come into view.
The kobold brigand is wielding a +0 whip and quivering curare-tipped darts.
The kobold brigand shouts!
The kobold shouts!
You hear a shout!
A kobold comes into view.
You block the kobold brigand's attack.
There is an open door here.
You miss the kobold brigand. Your grab misses the kobold brigand.
The kobold brigand hits you with a +0 whip!
You closely miss the kobold brigand. Your grab misses the kobold brigand.
Your squeeze misses the kobold brigand. The kobold hits you.
The kobold brigand hits you with a +0 whip.
You tentacle-slap the kobold brigand. Your grab misses the kobold brigand.
The kobold brigand is lightly wounded.
The kobold barely misses you. The kobold hits you with a +0 club.
The kobold brigand hits you with a +0 whip.
You closely miss the kobold brigand. Your grab misses the kobold brigand.
You squeeze the kobold brigand.
The kobold brigand is lightly wounded.
The kobold hits you. The kobold hits you with a +0 club.
The kobold brigand hits you with a +0 whip.
* * * LOW HITPOINT WARNING * * *
You closely miss the kobold brigand. Your grab misses the kobold brigand.
The kobold brigand is lightly wounded.
The kobold closely misses you. The kobold hits you with a +0 club.
* * * LOW HITPOINT WARNING * * *
The kobold brigand closely misses you.
You barely miss the kobold brigand. Your grab misses the kobold brigand.
The kobold brigand is lightly wounded.
You block the kobold's attack. The kobold hits you with a +0 club.
* * * LOW HITPOINT WARNING * * *
The kobold brigand hits you with a +0 whip.
You die...

############### ####
##.....#)).....# ...#
###......'.).....#....#
.#.......#########....##
.#÷.............#K.....#
.)).............@K.....+
.#..............#K.....#
.#.......#########....##
###......'.†.....#....#
##.....#)).....# ...#
############### ++##


You could see a kobold brigand and 2 kobolds.

Vanquished Creatures
  A kobold brigand (D:3)
  Terence (D:3)
  2 gnolls (D:3)
  An adder (D:3)
  An ufetubus (D:3)
  2 worms
  An orc (D:3)
  3 bats
  A giant cockroach (D:2)
  4 goblins
  A hobgoblin (D:1)
  4 jackals (D:2)
  A quokka (D:2)
  7 ball pythons
  4 frilled lizards (D:1)
  13 kobolds
  3 rats (D:2)
50 creatures vanquished.

Notes
Turn   | Place    | Note
-------+----------+-------------------------------------------
     0 | D:1      | IdlyInterested the Octopode Fighter began the quest for the
                  | Orb.
     0 | D:1      | Reached XP level 1. HP: 16/16 MP: 1/1
   528 | D:1      | Reached XP level 2. HP: 15/21 MP: 2/2
   961 | D:2      | Reached skill level 1 in Long Blades
  1009 | D:2      | Reached XP level 3. HP: 23/26 MP: 3/3
  1119 | D:2      | Identified a scroll of acquirement
  1119 | D:2      | Acquired the +0 hat of Udiedd {rN+ Int+3}
  1438 | D:3      | Reached skill level 4 in Dodging
  1438 | D:3      | Reached skill level 1 in Evocations
  1501 | D:3      | Noticed Terence
  1514 | D:3      | Killed Terence
  1515 | D:3      | Reached XP level 4. HP: 7/31 MP: 4/4
  1556 | D:3      | Reached skill level 1 in Throwing
  1890 | D:3      | Reached skill level 1 in Stealth
  1943 | D:3      | Noticed a kobold brigand
  1954 | D:3      | Killed a kobold brigand
  1955 | D:3      | Reached skill level 5 in Dodging
  1955 | D:3      | Reached XP level 5. HP: 28/36 MP: 5/5
  2135 | D:3      | Noticed a kobold brigand
  2142 | D:3      | Slain by a kobold brigand

Illustrated notes

Levels and vault maps discovered:
D:1:      dpeg_arrival_round_a, layout_basic, nrook_campfire
D:2:      layout_rooms
D:3:      minmay_goblin_kobold_castle, layout_basic,
          mainiacjoe_overflow_concentric_impassable, nicolae_overflow_squiral,
          hellmonk_ecumenical_altar_leap_of_faith, minmay_box_of_dots,
          uniq_terence, uniq_jessica, uniq_ijyb, uniq_crazy_yiuf_cottage

Skill      XL: |  1  2  3  4 |
---------------+-------------+-----
Long Blades    | 1 |  1.0
Dodging        | 4 5 |  5.3
Evocations     | 1 |  1.0
Throwing       | 1 |  1.0
Stealth        | 1 |  1.0
Fighting       | |  3.0
Shields        | |  3.0
Unarmed Combat | |  2.5

Action                     |  1- 3 |  4- 6 || total
---------------------------+-------+-------++-------
  Melee: Unarmed           |    72 |    64 ||   136
         Constrict         |    17 |    17 ||    34
         Punch             |     3 |     3 ||     6
         Tentacles         |    13 |    11 ||    24
  Throw: Dart              |     2 |       ||     2
         Stone             |       |     3 ||     3
    Use: Scroll            |     4 |       ||     4
   Stab: Sleeping          |     5 |     1 ||     6
 Armour: Skin              |     3 |     7 ||    10
  Dodge: Dodged            |    50 |    47 ||    97
  Block: Buckler           |     9 |    20 ||    29

Table legend: (Time is in decaauts)
 A = Elapsed time spent in this place.
 B = Non-inter-level travel time spent in this place.
 C = Inter-level travel time spent in this place.
 D = Time resting spent in this place.
 E = Time spent auto-exploring this place.
 F = Levels seen in this place.
 G = Mean time per level.
                   A        B        C        D        E       F      G
               +--------+--------+--------+--------+--------+-----+--------+
         Total |   2142 |   1927 |    215 |    618 |    800 |   3 |  714.0 |
       Dungeon |   2142 |   1927 |    215 |    618 |    800 |   3 |  714.0 |
               +--------+--------+--------+--------+--------+-----+--------+

Top non-repeatable levels by time:
     D:1: 948 daAuts
     D:3: 652 daAuts
     D:2: 542 daAuts
